 Dungeon Crawl Stone Soup version 0.20.1-1-g8b1a95d (webtiles) character file.

25738 Mesmaeker13 the Geomancer (level 13, 0/72 HPs)
             Began as a Gargoyle Earth Elementalist on July 19, 2017.
             Was a High Priest of Vehumet.
             Slain by a hell knight
             ... wielding a +3 halberd of flaming
              (14 damage)
             ... in a volcano.
             The game lasted 00:50:00 (16636 turns).

Mesmaeker13 the Geomancer (GrEE)                   Turns: 16636, Time: 00:50:00

Health: 0/72       AC: 19    Str: 13    XL:     13   Next: 21%
Magic:  17/34      EV: 13    Int: 20    God:    Vehumet [*****.]
Gold:   335        SH:  0    Dex: 10    Spells: 10/28 levels left

rFire    + . .     SeeInvis +   D - +4 quarterstaff (chaos)
rCold    . . .     Gourm    .   (shield currently unavailable)
rNeg     + . .     Faith    .   F - +0 robe {rF+}
rPois    ∞         Spirit   .   t - +0 helmet
rElec    +         Reflect  .   E - +0 cloak {+Inv}
rCorr    .         Harm     .   q - +1 pair of gloves
MR       .....                  r - +0 pair of boots
Stlth    ++........             (no amulet)
Regen    0.3/turn               J - ring of see invisible
MPRegen  0.3/turn               I - ring of magical power

@: no status effects
A: negative energy resistance 1, electricity resistance, unbreathing,
petrification resistance, rot immunity, AC +9
a: Renounce Religion, Evoke Invisibility


You were in a volcano.
You worshipped Vehumet.
Vehumet was extremely pleased with you.
You were not hungry.

You visited 3 branches of the dungeon, and saw 13 of its levels.
You also visited: Sewer and Volcano.

You collected 722 gold pieces.
You spent 387 gold pieces at shops.

Inventory:

Hand Weapons
 D - a +4 quarterstaff of chaos (weapon)
 N - a +0 dagger of holy wrath
Missiles
 b - 41 stones (quivered)
 j - 9 poisoned needles
 L - 6 needles of sleeping
Armour
 k - a +0 buckler
 q - a +1 pair of gloves (worn)
 r - a +0 pair of boots (worn)
 t - a +0 helmet (worn)
 E - a +0 cloak of invisibility (worn)
 F - a +0 robe of fire resistance (worn)
 H - +0 steam dragon scales
Jewellery
 z - a +5 ring of protection
 I - a ring of magical power (right hand)
 J - a ring of see invisible (left hand)
Wands
 G - a wand of digging (12/24)
Scrolls
 c - 4 scrolls of remove curse
 e - a scroll of vulnerability {unknown}
 f - 2 scrolls of fear
 h - a scroll of enchant weapon {unknown}
 m - 7 scrolls of teleportation
 o - 3 scrolls of recharging
 p - 3 scrolls of magic mapping
 v - 4 scrolls of immolation
 y - 2 scrolls of amnesia {unknown}
 B - a scroll of identify
 M - 2 scrolls of enchant armour
Potions
 a - a potion of flight {unknown}
 g - 3 potions of magic
 i - 2 potions of brilliance
 n - 4 potions of might
 s - 2 potions of cancellation {unknown}
 u - 7 potions of curing
 w - a potion of mutation {unknown}
 K - 2 potions of agility
 O - a potion of haste {unknown}
Comestibles
 d - 11 bread rations


   Skills:
 - Level 5.1 Fighting
 + Level 3.4 Staves
 - Level 10.5 Armour
 - Level 4.0 Dodging
 - Level 2.1 Stealth
 - Level 5.0 Shields
 - Level 8.1 Spellcasting
 - Level 6.4 Conjurations
 + Level 4.0 Hexes
 - Level 5.0 Transmutations
 + Level 14.0 Earth Magic
 + Level 2.2 Evocations


You had 10 spell levels left.
You knew the following spells:

 Your Spells              Type           Power        Failure   Level  Hunger
a - Sandblast             Erth           ######       1%          1    None
b - Stone Arrow           Conj/Erth      #####.       1%          3    None
c - Passwall              Tmut/Erth      #####.....   1%          2    None
d - Lee's Rapid Deconstr  Erth           ######....   1%          5    #####..
e - Petrify               Tmut/Erth      #####...     1%          4    ###....
f - Confuse               Hex            ###.....     4%          3    None


Dungeon Overview and Level Annotations

Branches:
Dungeon (11/15)            Temple (1/1) D:6            Lair (1/6) D:8
    Orc: D:9-12

Altars:
Ashenzari
Cheibriados
Dithmenos
Elyvilon
Fedhas
Gozag
Hepliaklqana
Kikubaaqudgha
Makhleb
Nemelex Xobeh
Okawaru
Qazlal
Ru
Sif Muna
Trog
Uskayaw
Vehumet
Xom
Yredelemnul
Zin
The Shining One

Shops:
D:7 *   D:11 =*


Innate Abilities, Weirdness & Mutations

You are resistant to torment.
Your stone body is resilient. (AC +9)
You are immune to poison.
You resist negative energy. (rN+)
You are resistant to electric shocks. (rElec)
You can survive without breathing.
You are immune to petrification.
You are immune to rotting.


Message History

Aiming: Petrify
Press: ? - help, Shift-Dir - straight line, f/p - hell knight
Aim: a hell knight, wielding a halberd of flaming and wearing a chain mail of fire resistance (heavily wounded, fast, chance to defeat MR: 53%)
The hell knight resists with significant effort.
The hell knight hits you from afar with a halberd of flaming!
The hell knight burns you. The hell knight casts a spell at you.
The puff of flame hits you! You resist.
Casting: Petrify
Confirm with . or Enter, or press ? or * to list all spells.
Aiming: Petrify
Press: ? - help, Shift-Dir - straight line, f/p - hell knight
Aim: a hell knight, wielding a halberd of flaming and wearing a chain mail of fire resistance (heavily wounded, fast, chance to defeat MR: 53%)
The hell knight resists with significant effort.
The hell knight hits you from afar with a halberd of flaming!
* * * LOW HITPOINT WARNING * * *
The hell knight burns you.
* * * LOW HITPOINT WARNING * * *
The hell knight hits you from afar with a halberd of flaming!
You die...

≈≈≈≈ ≈≈≈§≈≈§§# #O# # ≈≈≈≈
≈≈§§§§≈.######.#.#.###### §§§≈
§§§≈≈§≈.#......#.#......# ≈§≈§
§§§≈≈≈≈.###++###'###++### ≈≈≈§
§≈§≈≈§§.# O.. # ≈≈≈§ §≈≈≈≈≈≈.#
.8_8. # §§§§ §§§§≈≈≈p# +.....+ #
≈§§≈§ ≈§≈§§≈≈.#################
.≈≈≈≈≈≈≈≈≈≈≈≈≈≈.@................
.≈≈≈§≈≈≈≈≈≈§§≈§§≈§§§≈≈≈§≈≈≈≈§§≈≈≈
.≈≈≈≈≈≈≈§≈≈≈≈≈§§≈§≈≈≈≈≈≈≈≈≈≈≈§§≈≈
.≈§≈≈≈≈§§≈≈≈≈≈≈≈§§§≈≈≈≈≈≈≈≈≈≈≈§≈≈
..≈≈≈≈≈≈≈≈§§§§§§§§≈§≈≈≈≈§§≈§≈≈≈§≈
.≈≈§≈≈≈§§≈§§§§§§§§≈≈≈§≈≈§§≈≈≈≈≈≈§
......≈≈§§≈≈≈§§§≈≈≈≈§≈≈≈§§§≈≈≈≈≈§
.......≈§§≈§≈≈≈≈≈≈≈§≈≈≈§≈§§§≈≈≈§≈
##........§§§≈≈§≈≈≈§≈≈§≈≈≈.≈≈≈≈≈≈


You could see a hell knight.

Vanquished Creatures
  Harold (D:11)
  A centaur warrior (D:10)
  The ghost of Squonk the Ogre Mage, a novice OgFE of Vehumet (D:10)
  The ghost of galech the Grappler, a novice TrMo of Okawaru (D:7)
  The ghost of Overlord the Grappler, a novice TrMo of Nemelex Xobeh (Lair:1)
  7 two-headed ogres
  A tengu warrior (D:10)
  An ogre mage (Volcano)
  Pikel (D:6)
  2 manticores
  5 gargoyles (D:8)
  2 spiny frogs (Lair:1)
  2 komodo dragons (Lair:1)
  A queen bee (D:11)
  3 trolls
  The ghost of valak24 the Covered, an amateur HuFi of Ashenzari (D:3)
  Grinder (D:6)
  2 hippogriffs
  6 yaks
  A wyvern (D:9)
  2 fire bats (Volcano)
  A hungry ghost (D:8)
  A steam dragon (D:8)
  Edmund (D:6)
  2 porcupines (Lair:1)
  4 slaves (D:6)
  5 orc warriors
  A phantom (D:6)
  7 sky beasts
  5 black bears
  4 ice beasts
  7 ogres
  3 crocodiles
  3 wolves (D:8)
  4 centaurs
  6 big kobolds
  5 bullfrogs
  A wyvern zombie (D:8)
  A wyvern skeleton (D:11)
  6 scorpions
  49 killer bees
  4 wights (D:9)
  A howler monkey (D:8)
  3 electric eels (D:8)
  5 lava snakes (Volcano)
  7 crimson imps
  3 centaur zombies
  2 bullfrog zombies
  2 quasits (D:8)
  10 hounds
  5 jellies
  Crazy Yiuf (D:6)
  A bullfrog skeleton (D:4)
  6 orc priests
  2 centaur skeletons
  8 iguanas
  2 orc wizards
  6 worker ants
  A hound zombie (D:5)
  3 hound skeletons
  Robin (D:2)
  2 worker ant zombies
  10 gnolls
  12 adders
  3 shadow imps
  10 oozes
  2 adder skeletons
  4 worms
  4 leopard geckos
  28 orcs
  7 ball pythons
  5 giant cockroaches
  9 goblins
  8 hobgoblins
  15 jackals
  4 quokkas
  10 bats
  7 frilled lizards
  32 kobolds
  A leopard gecko skeleton (D:6)
  2 quokka skeletons
  9 rats
416 creatures vanquished.

Vanquished Creatures (collateral kills)
  2 jackals (D:6)
2 creatures vanquished.

Vanquished Creatures (others)
  A two-headed ogre (Volcano)
1 creature vanquished.

Grand Total: 419 creatures vanquished

Notes
Turn   | Place    | Note
-------+----------+-------------------------------------------
     0 | D:1      | Mesmaeker13 the Gargoyle Earth Elementalist began the quest for the Orb.
     0 | D:1      | Reached XP level 1. HP: 10/10 MP: 3/3
   132 | D:1      | Reached XP level 2. HP: 8/15 MP: 3/5
   401 | D:1      | Reached skill level 4 in Earth Magic
   798 | D:1      | Reached XP level 3. HP: 19/19 MP: 6/6
  1000 | D:2      | Learned a level 3 spell: Stone Arrow
  1035 | D:2      | Reached skill level 1 in Shields
  1441 | D:2      | Reached XP level 4. HP: 24/24 MP: 5/8
  1580 | D:2      | Noticed Robin
  1590 | D:2      | Killed Robin
  1946 | D:2      | Reached XP level 5. HP: 28/28 MP: 9/9
  1986 | D:2      | Found a glowing golden altar of the Shining One.
  2330 | D:3      | Found a shadowy altar of Dithmenos.
  2584 | D:3      | Noticed valak24's ghost (amateur HuFi)
  2588 | D:3      | Found a glowing drain.
  2596 | Sewer    | Entered a sewer
  2810 | Sewer    | Noticed a big kobold
  2819 | Sewer    | Noticed a big kobold
  2830 | Sewer    | Killed a big kobold
  2830 | Sewer    | Reached skill level 1 in Conjurations
  2830 | Sewer    | Reached skill level 5 in Earth Magic
  2830 | Sewer    | Reached XP level 6. HP: 32/32 MP: 5/11
  3194 | D:4      | Reached XP level 7. HP: 26/36 MP: 2/13
  3604 | D:4      | Found a shattered altar of Ashenzari.
  3642 | D:4      | Found a white marble altar of Elyvilon.
  3724 | D:4      | Found a hazy altar of Hepliaklqana.
  3975 | D:4      | Learned a level 2 spell: Passwall
  4338 | D:5      | Entered Level 5 of the Dungeon
  4486 | D:5      | Found a glowing silver altar of Zin.
  4566 | D:5      | Found a burning altar of Makhleb.
  4595 | D:5      | Found a hide-covered altar of Uskayaw.
  4744 | D:5      | Reached skill level 6 in Earth Magic
  5069 | D:5      | Found a sacrificial altar of Ru.
  5142 | D:5      | Reached skill level 5 in Shields
  5142 | D:5      | Reached XP level 8. HP: 12/41 MP: 1/15
  5549 | D:5      | Reached skill level 1 in Armour
  5763 | D:5      | Reached skill level 5 in Spellcasting
  6210 | D:6      | Found a staircase to the Ecumenical Temple.
  6226 | D:6      | Reached skill level 7 in Earth Magic
  6238 | D:6      | Noticed Edmund
  6301 | D:6      | Found a runed door.
  6305 | D:6      | Noticed Crazy Yiuf
  6307 | D:6      | Killed Crazy Yiuf
  6345 | D:6      | Noticed Grinder
  6345 | D:6      | Paralysed by Grinder for 4 turns
  6358 | D:6      | Paralysed by Grinder for 6 turns
  6368 | D:6      | Killed Grinder
  6422 | D:6      | Reached XP level 9. HP: 45/45 MP: 10/17
  6423 | D:6      | Reached skill level 5 in Conjurations
  6754 | D:6      | Noticed Pikel
  6920 | D:6      | Killed Edmund
  7089 | D:6      | Killed Pikel
  7089 | D:6      | Reached skill level 8 in Earth Magic
  7136 | D:6      | Learned a level 5 spell: Lee's Rapid Deconstruction
  7642 | D:3      | Killed valak24's ghost
  7642 | D:3      | Reached skill level 5 in Armour
  7650 | D:3      | Found a snail-covered altar of Cheibriados.
  8009 | Temple   | Entered the Ecumenical Temple
  8130 | Temple   | Became a worshipper of Vehumet
  8188 | D:7      | Reached skill level 9 in Earth Magic
  8277 | D:7      | You fall through a shaft!
  8288 | D:8      | Reached skill level 1 in Transmutations
  8418 | D:8      | Found a sparkling altar of Nemelex Xobeh.
  8445 | D:8      | Reached XP level 10. HP: 50/50 MP: 10/19
  8700 | D:8      | Learned a level 4 spell: Petrify
  8952 | D:8      | Noticed a two-headed ogre
  8957 | D:8      | Killed a two-headed ogre
  8957 | D:8      | Reached skill level 10 in Earth Magic
  9102 | D:8      | Reached * piety under Vehumet
  9102 | D:8      | Offered knowledge of Sting by Vehumet.
  9103 | D:8      | Found a staircase to the Lair.
  9244 | D:8      | Noticed a two-headed ogre
  9254 | D:8      | Killed a two-headed ogre
  9410 | D:8      | Noticed a two-headed ogre
  9861 | D:7      | Found an opulent altar of Gozag.
  9909 | D:7      | Found a glowing silver altar of Zin.
  9961 | D:7      | Noticed galech's ghost (novice TrMo)
 10005 | D:7      | Killed galech's ghost
 10005 | D:7      | Reached skill level 11 in Earth Magic
 10005 | D:7      | Reached XP level 11. HP: 10/54 MP: 3/20
 10265 | D:7      | Reached skill level 5 in Transmutations
 10296 | D:7      | Reached ** piety under Vehumet
 10298 | D:7      | Offered knowledge of Freeze by Vehumet.
 10766 | D:7      | Reached skill level 1 in Fighting
 10841 | D:7      | Found Mollommi's General Store.
 10849 | D:7      | Bought 21 stones for 27 gold pieces
 11072 | D:8      | Killed a two-headed ogre
 11319 | D:8      | Offered knowledge of Throw Flame by Vehumet.
 11553 | D:8      | Got a jewelled war axe
 11719 | D:8      | Reached skill level 12 in Earth Magic
 12125 | D:9      | Found a deep blue altar of Sif Muna.
 12227 | D:9      | Reached *** piety under Vehumet
 12369 | D:9      | Noticed a two-headed ogre
 12374 | D:9      | Killed a two-headed ogre
 12374 | D:9      | Reached skill level 10 in Armour
 12474 | D:9      | Reached skill level 5 in Fighting
 12768 | D:9      | Reached XP level 12. HP: 68/68 MP: 12/21
 12772 | D:9      | Offered knowledge of Conjure Flame by Vehumet.
 13375 | D:10     | Entered Level 10 of the Dungeon
 13620 | D:10     | Noticed a centaur warrior
 13633 | D:10     | Killed a centaur warrior
 14048 | D:10     | Noticed a tengu warrior
 14052 | D:10     | Killed a tengu warrior
 14176 | D:10     | Identified the cursed +2 war axe "Rocvoo" {antimagic, MP+9 Dex+4} (You found it on level 8 of the Dungeon)
 14222 | D:10     | Noticed Squonk's ghost (novice OgFE)
 14234 | D:10     | Killed Squonk's ghost
 14234 | D:10     | Reached skill level 13 in Earth Magic
 14239 | D:10     | Reached **** piety under Vehumet
 14600 | D:11     | Offered knowledge of Static Discharge by Vehumet.
 14605 | D:11     | Learned a level 3 spell: Confuse
 14670 | D:11     | Noticed Harold
 14706 | D:11     | Killed Harold
 14808 | D:11     | Reached skill level 1 in Hexes
 14810 | D:11     | Found Vusub's Jewellery Shoppe.
 14882 | D:11     | Bought an uncursed ring of magical power for 360 gold pieces
 15252 | D:11     | Found Pydonomn's General Store.
 15293 | D:11     | Reached skill level 1 in Staves
 15812 | Lair:1   | Entered Level 1 of the Lair of Beasts
 15957 | Lair:1   | Noticed Overlord's ghost (novice TrMo)
 15990 | Lair:1   | Killed Overlord's ghost
 15995 | Lair:1   | Reached XP level 13. HP: 71/72 MP: 23/25
 16212 | Lair:1   | Found a dark tunnel.
 16289 | Volcano  | Entered a volcano
 16319 | Volcano  | Reached skill level 1 in Evocations
 16330 | Volcano  | Reached ***** piety under Vehumet
 16416 | Volcano  | Offered knowledge of Iskenderun's Battlesphere by Vehumet.
 16576 | Volcano  | Found a bloodstained altar of Trog.
 16597 | Volcano  | Reached skill level 14 in Earth Magic
 16636 | Volcano  | Slain by a hell knight

Skill      XL: |  1  2  3  4  5  6  7  8  9 10 11 12 13 |
---------------+----------------------------------------+-----
Earth Magic    | 4 5 6 7 9 11 12 13 14 | 14.0
Dodging        | 2 4 |  4.0
Shields        | 1 2 3 5 |  5.0
Spellcasting   | 3 4 5 6 8 |  8.1
Conjurations   | 1 2 3 4 6 |  6.4
Armour         | 3 5 8 10 | 10.5
Transmutations | 1 4 5 |  5.0
Fighting       | 5 |  5.1
Hexes          | 3 4 |  4.0
Staves         | 2 3 |  3.4
Evocations     | 2 |  2.2
Stealth        | |  2.1

Action                   |  1- 3 |  4- 6 |  7- 9 | 10-12 | 13-15 || total
-------------------------+-------+-------+-------+-------+-------++-------
Melee: Dagger            |   103 |   130 |   175 |       |       ||   408
       Quarterstaff      |       |       |   106 |   426 |     8 ||   540
Throw: Throwing net      |       |       |     1 |     2 |     4 ||     7
 Cast: Sandblast         |    35 |    80 |    32 |   174 |    30 ||   351
       Stone Arrow       |       |     1 |    85 |   103 |    11 ||   200
       Lee's Rapid Decon |       |       |       |    25 |     3 ||    28
       Petrify           |       |       |       |     2 |     2 ||     4
Evoke: Wand              |       |       |     5 |     1 |       ||     6
  Use: Scroll            |     4 |     2 |     5 |     7 |       ||    18
       Potion            |       |       |       |     1 |     2 ||     3
 Stab: Sleeping          |     1 |     4 |       |     2 |       ||     7
       Paralysed         |       |       |       |     5 |       ||     5
       Petrified         |       |       |       |     5 |       ||     5
       Distracted        |       |       |       |     1 |       ||     1
  Eat: Chunk             |     2 |     6 |    17 |    33 |       ||    58
       Fruit             |       |       |     6 |       |       ||     6
       Bread ration      |       |       |       |     1 |       ||     1
Armor: Robe              |    39 |    60 |   129 |   130 |     6 ||   364
       Steam dragon scal |       |       |       |   283 |     1 ||   284
Dodge: Dodged            |    67 |   129 |   162 |   432 |    18 ||   808
Block: Buckler           |    10 |    31 |    38 |       |       ||    79
